 Dungeon Crawl Stone Soup version 0.27.1-2-g3b301248ec (webtiles) character file.

Game seed: 11013987703856143745

59 belegose the Ducker (level 4, -7/26 HPs)
             Began as a Kobold Arcane Marksman on Oct 1, 2021.
             Killed by divine providence
             ... invoked by an orc priest
              (11 damage)
             ... on level 2 of the Dungeon.
             The game lasted 00:06:59 (3179 turns).

belegose the Ducker (Kobold Arcane Marksman)        Turns: 3179, Time: 00:07:00

Health: -7/26      AC:  2    Str:  8    XL:     4   Next: 22%
Magic:  5/5        EV: 15    Int: 14    God:
Gold:   100        SH:  0    Dex: 15    Spells: 4/5 levels left

rFire    + . .     SeeInvis .   a - +0 dagger
rCold    . . .     Faith    .   (shield restricted)
rNeg     . . .     Spirit   .   e - +0 robe
rPois    .         Reflect  .   (no helmet)
rElec    .         Harm     .   h - scarf {shadows}
rCorr    .         Rampage  .   (no gloves)
Will     .....                  (no boots)
Stlth    +++.......             (no amulet)
HPRegen  0.08/turn              j - ring of protection from fire
MPRegen  0.09/turn              (no ring)

@: no status effects
A: small, no large weapons, nightstalker 3
a: no special abilities


You were on level 2 of the Dungeon.
You visited 1 branch of the dungeon, and saw 3 of its levels.

You collected 100 gold pieces.

Inventory:

Hand Weapons
 a - a +0 dagger (weapon)
 b - a +1 falchion of freezing
Missiles
 c - 2 throwing nets
 d - 42 stones
 f - 7 boomerangs (quivered)
Armour
 e - a +0 robe (worn)
 h - a scarf of shadows (worn)
Jewellery
 j - a ring of protection from fire (left hand)


   Skills:
 + Level 2.1 Fighting
 + Level 3.0 Throwing
 + Level 3.3 Dodging
 + Level 2.2 Stealth
 - Level 1.1 Spellcasting
 - Level 3.0 Hexes


You had 4 spell levels left.
You knew the following spells:

 Your Spells              Type           Power      Damage    Failure   Level
a - Corona                Hex            10%        N/A       8%          1

Your spell library contained the following spells:

 Spells                   Type           Power      Damage    Failure   Level
 Slow                     Hex            9%         N/A       12%         2
 Inner Flame              Hex/Fire       4%         N/A       38%         3
 Portal Projectile        Hex/Tloc       8%         N/A       38%         3
 Cause Fear               Hex            4%         N/A       58%         4


Dungeon Overview and Level Annotations

Branches:
Dungeon (3/15)

Altars:

Shops:
D:1 [   D:2 *


Innate Abilities, Weirdness & Mutations

You are small and have problems with some larger weapons.
You are completely attuned to the shadows.


Message History

You climb upwards.
There is a stone staircase leading down here.
Unknown command.
There is a stone staircase leading down here.
You climb downwards.
Found 7 gold pieces.
There is a stone staircase leading up here.
Unknown command.
An orc comes into view. It is wielding a +0 trident.
The orc priest shouts!
The orc shouts!
You hear a shout! x3
An orc priest comes into view. It is wielding a +0 club.
The orc priest invokes the aid of Beogh against you.
Beogh smites you!
An orc comes into view. It is wielding a +0 flail.
You barely miss the orc priest.
An orc priest comes into view. It is wielding a +0 club.
The orc barely misses you.
The orc priest begins to cast a cantrip, but forgets the words!
The orc priest calls down the wrath of Beogh upon you.
You barely resist.
There is a stone staircase leading up here.
The orc priest calls down the wrath of Beogh upon you.
Beogh smites you!
* * * LOW HITPOINT WARNING * * *
You climb upwards.
There is a stone staircase leading down here.
Unknown command.
You aren't carrying any potions.
As you read the scroll labelled LAURIOS TUSEQA, it crumbles to dust.
It is a scroll of enchant weapon.
Your +0 falchion of freezing glows red for a moment.
The orc priest misses you.
You aren't carrying any potions.
You aren't carrying any scrolls.
You aren't carrying any items that you can evoke.
Unknown command.
You hit the orc priest but do no damage.
The orc priest mumbles some strange prayers to Beogh against you.
Beogh smites you!
You die...

#.# #######.###
##'## #.# ##...##
#.# ##.....##
####.# #.......##
##.##.#
.........####...#.#
.........'.>......#
.........#......o.#
#.......##.#....@.#
##.....###.......##
##...## ###.#####
##'## #.# #.# #.#
#.# #.# ##.## #.#
##...######.#
#...........#


You could see an orc priest.

Vanquished Creatures
  An adder (D:2)
  2 worms (D:2)
  A dart slug (D:1)
  A bat (D:1)
  3 endoplasms
  2 giant cockroaches
  5 goblins
  2 hobgoblins
  11 jackals
  A quokka (D:1)
  2 ball pythons (D:2)
  2 kobolds
  5 rats (D:1)
38 creatures vanquished.

Notes
Turn   | Place    | Note
-------+----------+-------------------------------------------
     0 | D:1      | belegose the Kobold Arcane Marksman began the quest for the
                  | Orb.
     0 | D:1      | Reached XP level 1. HP: 12/12 MP: 2/2
   104 | D:1      | Found Ugemi's Antique Armour Shoppe.
   209 | D:1      | Reached XP level 2. HP: 11/16 MP: 3/3
   211 | D:1      | Reached skill level 1 in Stealth
   639 | D:1      | Found a faded altar of an unknown god.
   892 | D:1      | Reached XP level 3. HP: 14/21 MP: 4/4
  1736 | D:2      | Found Heogrec's General Store.
  2557 | D:2      | Reached XP level 4. HP: 22/26 MP: 5/5
  3179 | D:2      | Killed from afar by an orc priest

Illustrated notes

Levels and vault maps discovered:
D:1:      arrival_zaba_pyramid, layout_basic,
          shapermc_ecumenical_altar_starsandcircs, serial_shops, shop,
          chequers_hall_statues_wall_a
D:2:      layout_loops_corners, serial_shops, shop
D:3:      layout_rooms, amcnicky_altar_gilded, uniq_terence

Skill      XL: |  1  2  3  4 |
---------------+-------------+-----
Stealth        | 1 2 |  2.2
Dodging        | 3 |  3.3
Fighting       | 2 |  2.1
Throwing       | 3 |  3.0
Spellcasting   | |  1.1
Hexes          | |  3.0

Action                   |  1- 3 |  4- 6 || total
-------------------------+-------+-------++-------
Melee: Unarmed           |     6 |       ||     6
       Dagger            |    42 |     3 ||    45
       Club              |     8 |       ||     8
       Falchion          |    13 |    19 ||    32
Throw: Boomerang         |    50 |     1 ||    51
       Stone             |     1 |       ||     1
  Use: Potion            |     2 |       ||     2
       Scroll            |       |     1 ||     1
 Stab: Sleeping          |     8 |     5 ||    13
Armor: Robe              |    10 |       ||    10
Dodge: Dodged            |    81 |    15 ||    96
       Rpst.: Falchion   |    10 |     6 ||    16
